 Dungeon Sprint DCSS version 0.22-a0-373-gab1296c (webtiles) character file.

291732 packetloss the Maledictor (level 13, 26/90 HPs)
             Began as a Deep Elf Conjurer on Apr 25, 2018.
             Was the Champion of Vehumet.
             Escaped with the Orb!
             The game lasted 00:57:14 (7115 turns).

packetloss the Maledictor (Deep Elf Conjurer)       Turns: 7115, Time: 00:57:14

Health: 26/90      AC:  0    Str:  7    XL:     13   Next: 60%
Magic:  45/45      EV: 33    Int: 26    God:    Vehumet [******]
Gold:   707        SH:  0    Dex: 27    Spells: 20/47 levels left

rFire    . . .     SeeInvis .   E - +7 falchion of Ycopsem {slice, Str+2 Dex+4}
rCold    + + .     Gourm    .   (no shield)
rNeg     . . .     Faith    .   z - +0 robe of Unambiguity {*Corrode MP+9 Dex+8 Slay+3}
rPois    .         Spirit   .   B - +1 hat
rElec    .         Reflect  .   (no cloak)
rCorr    .         Harm     .   A - +0 pair of gloves (curse)
MR       ++...     Rnd*Rage +   (no boots) Stlth ++........NoTele +
                                J - amulet "Gedopoj" {RegenMP rC++ MR+}
HPRegen  0.25/turn              (no ring)
MPRegen  0.54/turn              (no ring)

@: corroded
A: horns 1, berserk 1, blurry vision 1
0: Orb of Zot
a: Renounce Religion


You escaped.
You worshipped Vehumet.
Vehumet was exalted by your worship.
You were not hungry.

You visited 1 branch You collected 3824 gold pieces.
You spent 3117 gold pieces at shops.

Inventory:

Hand Weapons
 b - a +7 club
   (You took it off Ijyb in the Dungeon)
 m - a +2 short sword of distortion {!w}
   (You took it off Sonja in the Dungeon)
 n - a +0 blowgun
   (You took it off Sonja in the Dungeon)
 v - the +2 glaive "Xoaghesa" {flame, rN+}
   (You took it off a deep elf annihilator in the Dungeon)

   It has been specially enchanted to burn those struck by it, causing extra
   injury to most foes and up to half again as much damage against particularly
   susceptible opponents.
   Big, fiery blades are also staple armaments of hydra-hunters.
   It protects you from negative energy.
 y - a +3 great sword of electrocution
   (You found it in the Dungeon)
 D - the +3 rapier "Rot Joda" {pierce, Str+5}
   (You bought it in a shop in the Dungeon)

   It inflicts extra damage upon your enemies.
   It affects your strength (+5).
 E - the +7 falchion of Ycopsem (weapon) {slice, Str+2 Dex+4}
   (You bought it in a shop in the Dungeon)

   It inflicts extra damage upon your enemies.
   It affects your strength (+2).
   It affects your dexterity (+4).
Missiles
 l - 4 curare-tipped needles
 C - a throwing net {=f, !d}
Armour
 j - a +1 robe
   (You took it off Sigmund in the Dungeon)
 s - a +0 troll leather armour {regen}
   (You found it in the Dungeon)
 z - the +0 robe of Unambiguity (worn) {*Corrode MP+9 Dex+8 Slay+3}
   (You bought it in a shop in the Dungeon)

   It affects your dexterity (+8).
   It affects your accuracy and damage with ranged weapons and melee attacks
   (+3).
   It affects your magic capacity (+9).
   It may corrode you when you take damage.
 A - a cursed +0 pair of gloves (worn)
   (You bought it in a shop in the Dungeon)
 B - a +1 hat (worn)
   (You bought it in a shop in the Dungeon)
Magical Staves
 H - an uncursed staff of fire {rF+}
   (You found it in the Dungeon)
 L - an uncursed staff of fire {rF+}
   (You found it in the Dungeon)
Jewellery
 J - the amulet "Gedopoj" (around neck) {RegenMP rC++ MR+}
   (You bought it in a shop in the Dungeon)

   [amulet of magic regeneration]

   It increases your magic regeneration.
   It greatly protects you from cold.
   It affects your resistance to hostile enchantments.
Wands
 h - a wand of polymorph (7)
   (You took it off Ijyb in the Dungeon)
 k - a wand of digging (7)
   (You took it off Sonja in the Dungeon)
 q - a wand of iceblast (17)
   (You found it in the Dungeon)
 I - a wand of random effects (15)
   (You found it in the Dungeon)
 K - a wand of paralysis (11)
   (You found it in the Dungeon)
Scrolls
 g - 3 scrolls of identify
 i - 2 scrolls of blinking {!r}
 o - 2 scrolls of amnesia
 t - a scroll of enchant weapon
 u - 2 scrolls of fear
 w - 2 scrolls of remove curse
Potions
 a - a potion of mutation {unknown}
 d - 3 potions of curing
 e - a potion of heal wounds
 f - 2 potions of haste
 p - a potion of degeneration {unknown}
 r - a potion of resistance {unknown}
 x - a potion of lignification {unknown}
 F - 4 potions of flight
 G - a potion of brilliance
Comestibles
 c - 3 rations


   Skills:
 + Level 14.0 Fighting
 + Level 19.1 Dodging
 - Level 9.0 Stealth
 + Level 17.7 Spellcasting
 + Level 18.1 Conjurations
 + Level 21.2 Hexes
 * Level 0.0 Earth Magic


You had 20 spell levels left.
You knew the following spells:

 Your Spells              Type           Power        Failure   Level  Hunger
a - Magic Dart            Conj           ####         0%          1    None
b - Searing Ray           Conj           ######       0%          2    None
c - Force Lance           Conj/Tloc      ######..     1%          4    None
d - Fulminant Prism       Conj/Hex       #######...   0%          4    None
e - Dazzling Spray        Conj/Hex       ######       0%          3    None
f - Confuse               Hex            #######.     0%          3    None
g - Lehudib's Crystal Sp  Conj/Erth      ######....   58%         8    ######.
s - Slow                  Hex            #######.     0%          2    None


Dungeon Overview and Level Annotations

Branches:
Dungeon (1/1)

Altars:
Cheibriados
Dithmenos
Elyvilon
Fedhas
Gozag
Hepliaklqana
Kikubaaqudgha
Makhleb
Nemelex Xobeh
Okawaru
Qazlal
Ru
Sif Muna
Trog
Uskayaw
Vehumet
Wu Jian
Xom
Yredelemnul
Zin
The Shining One
Jiyva
Lugonu

Shops:
D :(*(!}:=([(?=***!(=[}*


Innate Abilities, Weirdness & Mutations

You have a pair of small horns on your head.
You tend to lose your temper in combat.
Scrolls take you a little longer to read.


Message History

The orange demon screeches!
You hit the cacodemon. The cacodemon completely misses you.
Warning x2: Hell Sentinel can cast line-of-sight Hellfire and Iron Shot!
The cacodemon can cast Energy bolts, Dig, and mutate you!
You are not wearing rMut!
Unknown command.
Warning x2: Hell Sentinel can cast line-of-sight Hellfire and Iron Shot!
The cacodemon can cast Energy bolts, Dig, and mutate you!
You are not wearing rMut!
Unknown command.
Warning x2: Hell Sentinel can cast line-of-sight Hellfire and Iron Shot!
The cacodemon can cast Energy bolts, Dig, and mutate you!
You are not wearing rMut!
Okay, then.
Warning x2: Hell Sentinel can cast line-of-sight Hellfire and Iron Shot!
The cacodemon can cast Energy bolts, Dig, and mutate you!
You are not wearing rMut!
Unknown command.
Warning x2: Hell Sentinel can cast line-of-sight Hellfire and Iron Shot!
The cacodemon can cast Energy bolts, Dig, and mutate you!
You are not wearing rMut!
The orange demon misses you. The orange demon barely misses you.
The orange demon closely misses you. The cacodemon gestures at you.
Strange energies course through your body.
Your vision blurs.
Warning x2: Hell Sentinel can cast line-of-sight Hellfire and Iron Shot!
The cacodemon can cast Energy bolts, Dig, and mutate you!
You are not wearing rMut!
Unknown command.
Warning x2: Hell Sentinel can cast line-of-sight Hellfire and Iron Shot!
The cacodemon can cast Energy bolts, Dig, and mutate you!
You are not wearing rMut!
Unknown command.
Warning x2: Hell Sentinel can cast line-of-sight Hellfire and Iron Shot!
The cacodemon can cast Energy bolts, Dig, and mutate you!
You are not wearing rMut!
The orange demon stings you but does no damage.
The orange demon barely misses you. The orange demon stings you!
* * * LOW HITPOINT WARNING * * *
The orange demon completely misses you.
Warning x2: Hell Sentinel can cast line-of-sight Hellfire and Iron Shot!
The cacodemon can cast Energy bolts, Dig, and mutate you!
You are not wearing rMut!
You take 8 damage, and have 25/90 hp.
Unknown command.
Warning x2: Hell Sentinel can cast line-of-sight Hellfire and Iron Shot!
The cacodemon can cast Energy bolts, Dig, and mutate you!
You are not wearing rMut!
Unknown command.
Warning x2: Hell Sentinel can cast line-of-sight Hellfire and Iron Shot!
The cacodemon can cast Energy bolts, Dig, and mutate you!
You are not wearing rMut!
The orange demon completely misses you. The orange demon misses you.
The orange demon closely misses you.
Warning x2: Hell Sentinel can cast line-of-sight Hellfire and Iron Shot!
The cacodemon can cast Energy bolts, Dig, and mutate you!
You are not wearing rMut!
Unknown command.
Warning x2: Hell Sentinel can cast line-of-sight Hellfire and Iron Shot!
The cacodemon can cast Energy bolts, Dig, and mutate you!
You are not wearing rMut!
Unknown command.
Warning x2: Hell Sentinel can cast line-of-sight Hellfire and Iron Shot!
The cacodemon can cast Energy bolts, Dig, and mutate you!
You are not wearing rMut!
A ynoxinul comes into view.
The orange demon closely misses you. The orange demon misses you.
The ynoxinul moves out of view.
Warning x2: Hell Sentinel can cast line-of-sight Hellfire and Iron Shot!
The cacodemon can cast Energy bolts, Dig, and mutate you!
You are not wearing rMut!
Unknown command.
Warning x2: Hell Sentinel can cast line-of-sight Hellfire and Iron Shot!
The cacodemon can cast Energy bolts, Dig, and mutate you!
You are not wearing rMut!
Unknown command.
Warning x2: Hell Sentinel can cast line-of-sight Hellfire and Iron Shot!
The cacodemon can cast Energy bolts, Dig, and mutate you!
You are not wearing rMut!
The orange demon completely misses you.
Warning x2: Hell Sentinel can cast line-of-sight Hellfire and Iron Shot!
The cacodemon can cast Energy bolts, Dig, and mutate you!
You are not wearing rMut!
Unknown command.
Warning x2: Hell Sentinel can cast line-of-sight Hellfire and Iron Shot!
The cacodemon can cast Energy bolts, Dig, and mutate you!
You are not wearing rMut!
The orange demon closely misses you.
Warning x2: Hell Sentinel can cast line-of-sight Hellfire and Iron Shot!
The cacodemon can cast Energy bolts, Dig, and mutate you!
You are not wearing rMut!
Unknown command.
Warning x2: Hell Sentinel can cast line-of-sight Hellfire and Iron Shot!
The cacodemon can cast Energy bolts, Dig, and mutate you!
You are not wearing rMut!
Unknown command.
Warning x2: Hell Sentinel can cast line-of-sight Hellfire and Iron Shot!
The cacodemon can cast Energy bolts, Dig, and mutate you!
You are not wearing rMut!
There is an open door here.
Warning x2: Hell Sentinel can cast line-of-sight Hellfire and Iron Shot!
The cacodemon can cast Energy bolts, Dig, and mutate you!
You are not wearing rMut!
Unknown command.
Warning x2: Hell Sentinel can cast line-of-sight Hellfire and Iron Shot!
The cacodemon can cast Energy bolts, Dig, and mutate you!
You are not wearing rMut!
Unknown command.
Warning x2: Hell Sentinel can cast line-of-sight Hellfire and Iron Shot!
The cacodemon can cast Energy bolts, Dig, and mutate you!
You are not wearing rMut!
Warning x2: Hell Sentinel can cast line-of-sight Hellfire and Iron Shot!
The cacodemon can cast Energy bolts, Dig, and mutate you!
You are not wearing rMut!
Unknown command.
Warning x2: Hell Sentinel can cast line-of-sight Hellfire and Iron Shot!
The cacodemon can cast Energy bolts, Dig, and mutate you!
You are not wearing rMut!
There is an open door here.
Things that are here:
a +0 robe; a scythe of freezing You see here an arrow.
Some rock shatters into small pieces.
The cacodemon gestures next to the orange demon.
Some rock shatters into small pieces.
There is an open door, spattered with blood here.
Things that are here:
an arrow; a giant club Spoiler Alert: The cacodemon can cast Energy bolts, Dig, and mutate you!
You are not wearing rMut!
A chaos spawn comes into view.
Warning x2: Hell Sentinel can cast line-of-sight Hellfire and Iron Shot!
The cacodemon can cast Energy bolts, Dig, and mutate you!
You are not wearing rMut!
You see here an arrow.
Spoiler Alert: Hell Sentinel can cast line-of-sight Hellfire and Iron Shot!
Unknown command.
Spoiler Alert: Hell Sentinel can cast line-of-sight Hellfire and Iron Shot!
The chaos spawn completely misses you.
An Orb Guardian comes into view.
There is an open door here.
Spoiler Alert: Hell Sentinel can cast line-of-sight Hellfire and Iron Shot!
Unknown command.
Spoiler Alert: Hell Sentinel can cast line-of-sight Hellfire and Iron Shot!
Unknown command.
Spoiler Alert: Hell Sentinel can cast line-of-sight Hellfire and Iron Shot!
The chaos spawn completely misses you.
You hear a grinding noise.
The chaos spawn completely misses you.
You riposte.
You slash the chaos spawn! You headbutt the chaos spawn.
There is a staircase leading out of the dungeon here.
Spoiler Alert: Hell Sentinel can cast line-of-sight Hellfire and Iron Shot!
The chaos spawn completely misses you. The orange demon stings you from afar.
* * * LOW HITPOINT WARNING * * *
Your corrosive artefact corrodes you!
You have escaped!

###########
#@.4(1(42#.
#.4'(....[.
#[.)..X.'..
#.)#..#..#.
#..#__.###.
#(.#_____##
#⌠(#_.∩...'
##.#_..__##
#..#_____##


You could see a Hell Sentinel, a cacodemon, an Orb Guardian, 2 orange demons and
a chaos spawn.

Vanquished Creatures
  Tiamat (D)
  A golden dragon (D)
  A shadow dragon (D)
  A daeva (D)
  4 fire giants (D)
  A lorocyproca (D)
  A deep elf annihilator (D)
  A mummy priest (D)
  A hydra (D)
  2 centaur warriors (D)
  Sonja (D)
  7 unseen horrors (D)
  A deep troll (D)
  A lindwurm (D)
  2 oklob plants (D)
  8 shining eyes (D)
  2 merfolk sirens (D)
  A gargoyle (D)
  A hellwing (D)
  4 demonic crawlers (D)
  2 kobold demonologists (D)
  A meliai (D)
  A slime creature (D)
  4 hornets (D)
  2 redbacks (D)
  Sigmund (D)
  A yak (D)
  10 hogs (D)
  7 floating eyes (D)
  7 necrophages (D)
  An ogre (D)
  8 jellies (D)
  Ijyb (D)
  4 ballistomycetes (D)
  A ballistomycete spore (D)
  A fulminant prism (D)
94 creatures vanquished.

Vanquished Creatures (others)
  the Lernaean hydra (D)
  A gargoyle (D)
  2 red devils (D)
  A hornet (D)
  3 hogs (D)
  A ballistomycete spore (D)
  223 fulminant prisms (D)
232 creatures vanquished.

Grand Total: 326 creatures vanquished

Notes
Turn   | Place    | Note
-------+----------+-------------------------------------------
     0 | D        | packetloss the Deep Elf Conjurer began the quest for the Orb.
     0 | D        | Reached XP level 1. HP: 10/10 MP: 6/6
     1 | D        | Noticed Ijyb
    12 | D        | HP: 2/15 [Ijyb/enchanted club (2)]
    18 | D        | Killed Ijyb
    18 | D        | Reached skill level 4 in Dodging
    18 | D        | Reached skill level 4 in Stealth
    18 | D        | Reached skill level 4 in Spellcasting
    18 | D        | Reached skill level 5 in Conjurations
    18 | D        | Reached XP level 2. HP: 2/15 MP: 5/9
   262 | D        | Learned a level 2 spell: Searing Ray
   266 | D        | Noticed an ogre
   270 | D        | Killed an ogre
   270 | D        | Reached skill level 2 in Fighting
   270 | D        | Reached skill level 5 in Dodging
   270 | D        | Reached skill level 6 in Spellcasting
   270 | D        | Reached skill level 6 in Conjurations
   270 | D        | Reached XP level 3. HP: 22/22 MP: 5/13
   270 | D        | Reached XP level 4. HP: 27/27 MP: 5/14
   349 | D        | Noticed Sigmund
   357 | D        | Learned a level 4 spell: Force Lance
   362 | D        | Learned a level 4 spell: Fulminant Prism
   368 | D        | Killed Sigmund
   368 | D        | Reached skill level 4 in Fighting
   368 | D        | Reached skill level 7 in Dodging
   368 | D        | Reached skill level 8 in Spellcasting
   368 | D        | Reached skill level 8 in Conjurations
   368 | D        | Reached XP level 5. HP: 33/33 MP: 3/18
   480 | D        | Found an ornate altar of the Wu Jian Council.
   480 | D        | Found a deep blue altar of Sif Muna.
   485 | D        | Reached skill level 8 in Dodging
   485 | D        | Reached XP level 6. HP: 39/39 MP: 14/19
   487 | D        | Found a radiant altar of Vehumet.
   495 | D        | Became a worshipper of Vehumet
   565 | D        | Found Kuutoiff's Weapon Emporium.
   565 | D        | Found an ancient bone altar of Kikubaaqudgha.
   565 | D        | Found a hazy altar of Hepliaklqana.
   565 | D        | Found a stormy altar of Qazlal.
   565 | D        | Found a hide-covered altar of Uskayaw.
   565 | D        | Found a blossoming altar of Fedhas.
   565 | D        | Found a bloodstained altar of Trog.
   565 | D        | Found an iron altar of Okawaru.
   565 | D        | Found a basalt altar of Yredelemnul.
   565 | D        | Found a glowing golden altar of the Shining One.
   565 | D        | Found a snail-covered altar of Cheibriados.
   565 | D        | Found a sacrificial altar of Ru.
   565 | D        | Found a glowing silver altar of Zin.
   565 | D        | Found a shadowy altar of Dithmenos.
   565 | D        | Found a white marble altar of Elyvilon.
   565 | D        | Noticed a yak
   580 | D        | Killed a yak
   580 | D        | Reached skill level 5 in Fighting
   580 | D        | Reached skill level 5 in Hexes
   582 | D        | Noticed Sonja
   592 | D        | Killed Sonja
   592 | D        | Reached skill level 6 in Fighting
   592 | D        | Reached skill level 10 in Dodging
   592 | D        | Reached skill level 10 in Conjurations
   592 | D        | Reached skill level 9 in Hexes
   592 | D        | Reached XP level 7. HP: 47/47 MP: 16/21
   657 | D        | Found Wagomer's Book Boutique.
   692 | D        | Found an opulent altar of Gozag.
   694 | D        | Found a sparkling altar of Nemelex Xobeh.
   776 | D        | Noticed a deep troll
   809 | D        | Noticed a slime creature
   911 | D        | HP: 8/47 [deep troll (13)]
   912 | D        | Killed a deep troll
   912 | D        | Reached * piety under Vehumet
   912 | D        | Offered knowledge of Sting by Vehumet.
   912 | D        | Reached skill level 7 in Fighting
   912 | D        | Reached skill level 6 in Stealth
   912 | D        | Reached skill level 11 in Hexes
   912 | D        | Reached XP level 8. HP: 10/53 MP: 10/22
  1011 | D        | Found a burning altar of Makhleb.
  1011 | D        | Found a shimmering altar of Xom.
  1014 | D        | Found a viscous altar of Jiyva.
  1014 | D        | Found a corrupted altar of Lugonu.
  1051 | D        | Noticed a centaur warrior
  1063 | D        | Killed a centaur warrior
  1063 | D        | Reached skill level 11 in Dodging
  1063 | D        | Reached skill level 7 in Stealth
  1063 | D        | Reached skill level 11 in Conjurations
  1063 | D        | Reached skill level 12 in Hexes
  1063 | D        | Reached XP level 9. HP: 25/57 MP: 11/23
  1085 | D        | Noticed a centaur warrior
  1086 | D        | HP: 14/57 [centaur warrior/arrow (24)]
  1087 | D        | HP: 4/57 [centaur warrior/arrow (11)]
  1089 | D        | Killed a centaur warrior
  1089 | D        | Reached skill level 8 in Stealth
  1089 | D        | Reached skill level 13 in Hexes
  1198 | D        | Reached ** piety under Vehumet
  1198 | D        | Offered knowledge of Throw Frost by Vehumet.
  1198 | D        | Reached skill level 8 in Fighting
  1198 | D        | Reached skill level 12 in Dodging
  1250 | D        | Found Ciuddoig's Armour Emporium.
  1289 | D        | Noticed an oklob plant
  1297 | D        | Killed an oklob plant
  1297 | D        | Reached skill level 9 in Stealth
  1297 | D        | Reached skill level 14 in Hexes
  1299 | D        | Killed a gargoyle
  1333 | D        | Reached skill level 12 in Conjurations
  1356 | D        | Offered knowledge of Inner Flame by Vehumet.
  1430 | D        | Killed an unseen horror
  1430 | D        | Reached *** piety under Vehumet
  1430 | D        | Reached XP level 10. HP: 46/65 MP: 12/24
  1556 | D        | Killed an unseen horror
  1556 | D        | Reached skill level 9 in Fighting
  1556 | D        | Reached skill level 13 in Dodging
  1556 | D        | Reached skill level 15 in Hexes
  1556 | D        | Offered knowledge of Stone Arrow by Vehumet.
  1570 | D        | Reached **** piety under Vehumet
  1690 | D        | Offered knowledge of Throw Icicle by Vehumet.
  1690 | D        | Reached ***** piety under Vehumet
  1795 | D        | Reached skill level 13 in Conjurations
  1844 | D        | Offered knowledge of Sticky Flame by Vehumet.
  1918 | D        | Bought Feile's Catalogue of Bewitchment for 503 gold pieces
  1918 | D        | Bought a book of Misfortune for 260 gold pieces
  1924 | D        | Learned a level 2 spell: Slow
  1928 | D        | Learned a level 3 spell: Dazzling Spray
  1988 | D        | Reached skill level 9 in Spellcasting
  2173 | D        | Found Obbea's Jewellery Shoppe.
  2174 | D        | Found Onaujim's Antique Weapon Boutique.
  2174 | D        | Found Xacuon's Book Shop.
  2174 | D        | Found Fecsav's Jewellery Emporium.
  2175 | D        | Found Ytium's Antique Weapon Boutique.
  2176 | D        | Found Deedgho's Gadget Emporium.
  2196 | D        | Found Pujap's Antique Armour Emporium.
  2196 | D        | Found Juqoclu's Antique Weapon Shop.
  2196 | D        | Found Fear's Magic Scroll Shoppe.
  2196 | D        | Found Gudiss's Jewellery Boutique.
  2196 | D        | Found Bemu's Assorted Antiques.
  2196 | D        | Found Tuzal's General Store.
  2196 | D        | Found Lis Sudi's General Store.
  2200 | D        | Found Reogra's Distillery.
  2203 | D        | Bought a scroll of identify for 22 gold pieces
  2203 | D        | Bought a scroll of magic mapping for 38 gold pieces
  2218 | D        | Bought a sheer robe for 102 gold pieces
  2228 | D        | Identified the +0 robe of Unambiguity {*Corrode MP+9 Dex+8 Slay+3} (You bought it in a shop in the Dungeon)
  2228 | D        | Bought a pair of embroidered gloves for 135 gold pieces
  2237 | D        | Bought an embroidered hat for 217 gold pieces
  2297 | D        | Reached skill level 16 in Hexes
  2348 | D        | HP: 11/67 [demonic crawler (11)]
  2350 | D        | Reached skill level 14 in Dodging
  2350 | D        | Reached skill level 10 in Spellcasting
  2350 | D        | Reached skill level 10 in Fighting
  2660 | D        | Reached ****** piety under Vehumet
  2733 | D        | Noticed a lindwurm
  2733 | D        | Killed a lindwurm
  2733 | D        | Offered knowledge of Fireball by Vehumet.
  2733 | D        | Reached XP level 11. HP: 72/72 MP: 27/27
  2771 | D        | Learned a level 3 spell: Confuse
  2802 | D        | Reached skill level 11 in Spellcasting
  2802 | D        | Reached skill level 14 in Conjurations
  2919 | D        | Offered knowledge of Iskenderun's Battlesphere by Vehumet.
  2962 | D        | Noticed a 12-headed hydra
  3006 | D        | Killed a 12-headed hydra
  3006 | D        | Reached skill level 17 in Hexes
  3121 | D        | Noticed a shining eye
  3121 | D        | Noticed a shining eye
  3121 | D        | Noticed a shining eye
  3126 | D        | Paralysed by a floating eye for 4 turns
  3126 | D        | Reached skill level 15 in Dodging
  3129 | D        | Gained mutation: You have a pair of small horns on your head. [a shining eye]
  3132 | D        | Killed a shining eye
  3134 | D        | Noticed a shining eye
  3136 | D        | Noticed a shining eye
  3139 | D        | Killed a shining eye
  3139 | D        | Reached skill level 12 in Spellcasting
  3142 | D        | Noticed a shining eye
  3142 | D        | Killed a shining eye
  3142 | D        | Killed a shining eye
  3142 | D        | Reached skill level 11 in Fighting
  3143 | D        | Paralysed by a floating eye for 2 turns
  3145 | D        | Offered knowledge of Bolt of Magma by Vehumet.
  3148 | D        | Paralysed by a floating eye for 3 turns
  3148 | D        | Killed a shining eye
  3148 | D        | Killed a shining eye
  3153 | D        | Killed a shining eye
  3153 | D        | Reached skill level 15 in Conjurations
  3159 | D        | Noticed a shining eye
  3165 | D        | Killed a shining eye
  3181 | D        | Found Ycvucvif's Distillery.
  3181 | D        | Found Zomitz's Antique Weapon Shoppe.
  3181 | D        | Found Jial's Gadget Boutique.
  3181 | D        | Found Detusu's Assorted Antiques.
  3303 | D        | Noticed a daeva
  3334 | D        | Reached skill level 13 in Spellcasting
  3337 | D        | Offered knowledge of Freezing Cloud by Vehumet.
  3337 | D        | Reached skill level 18 in Hexes
  3345 | D        | Reached skill level 16 in Dodging
  3516 | D        | Noticed the 27-headed Lernaean hydra
  3517 | D        | Noticed a deep elf annihilator
  3679 | D        | HP: 17/75 [something (35)]
  3727 | D        | Killed a lorocyproca
  3727 | D        | Reached XP level 12. HP: 29/80 MP: 7/31
  4110 | D        | Offered knowledge of Conjure Ball Lightning by Vehumet.
  4350 | D        | Reached skill level 14 in Spellcasting
  4385 | D        | Reached skill level 12 in Fighting
  4985 | D        | Killed a deep elf annihilator
  4985 | D        | Reached skill level 16 in Conjurations
  4985 | D        | Reached skill level 19 in Hexes
  5022 | D        | Got a crude glaive {flame}
  5025 | D        | Identified the +2 glaive "Xoaghesa" {flame, rN+} (You took it off a deep elf annihilator in the Dungeon)
  5033 | D        | Noticed a mummy priest
  5096 | D        | Killed the 27-headed Lernaean hydra
  5251 | D        | Killed a mummy priest
  5254 | D        | Reached skill level 17 in Dodging
  5578 | D        | Bought a scroll of identify for 22 gold pieces
  5578 | D        | Bought a scroll of blinking for 82 gold pieces
  5578 | D        | Bought a scroll of identify for 22 gold pieces
  5583 | D        | Bought a scroll of identify for 26 gold pieces
  5583 | D        | Bought a potion of haste for 130 gold pieces
  5589 | D        | Bought a shimmering rapier for 225 gold pieces
  5589 | D        | Bought a blackened falchion for 200 gold pieces
  5592 | D        | Bought a scroll of identify for 26 gold pieces
  5592 | D        | Bought a scroll of identify for 26 gold pieces
  5592 | D        | Identified the +7 falchion of Ycopsem {slice, Str+2 Dex+4} (You bought it in a shop in the Dungeon)
  5593 | D        | Identified the +3 rapier "Rot Joda" {pierce, Str+5} (You bought it in a shop in the Dungeon)
  5595 | D        | Bought a ration for 65 gold pieces
  5595 | D        | Bought a ration for 65 gold pieces
  5597 | D        | Bought a potion of flight for 30 gold pieces
  5597 | D        | Bought a potion of flight for 30 gold pieces
  5646 | D        | Bought a potion of flight for 33 gold pieces
  5646 | D        | Bought a potion of flight for 33 gold pieces
  5646 | D        | Bought a potion of brilliance for 44 gold pieces
  5717 | D        | Noticed a shadow dragon
  5718 | D        | Noticed a golden dragon
  5751 | D        | Killed a golden dragon
  5751 | D        | Offered knowledge of Bolt of Cold by Vehumet.
  5751 | D        | Reached skill level 15 in Spellcasting
  5970 | D        | Killed a shadow dragon
  6035 | D        | Found Fuuzyd's Assorted Antiques.
  6091 | D        | Identified the Compendium of Sinister Curses
  6252 | D        | Bought the amulet "Gedopoj" {RegenMP rC++ MR+} for 781 gold pieces
  6386 | D        | Killed a daeva
  6531 | D        | Noticed a fire giant
  6540 | D        | Noticed a fire giant
  6541 | D        | Noticed a fire giant
  6541 | D        | Noticed a fire giant
  6547 | D        | Killed a fire giant
  6547 | D        | Reached skill level 13 in Fighting
  6547 | D        | Reached skill level 16 in Spellcasting
  6547 | D        | Reached skill level 17 in Conjurations
  6547 | D        | Reached skill level 20 in Hexes
  6547 | D        | Reached XP level 13. HP: 88/88 MP: 27/35
  6550 | D        | Killed a fire giant
  6550 | D        | Reached skill level 18 in Dodging
  6553 | D        | Killed a fire giant
  6754 | D        | Killed a fire giant
  6758 | D        | Noticed Tiamat
  6951 | D        | Killed Tiamat
  6951 | D        | Offered knowledge of Lehudib's Crystal Spear by Vehumet.
  6951 | D        | Offered knowledge of Chain Lightning by Vehumet.
  6951 | D        | Offered knowledge of Tornado by Vehumet.
  6951 | D        | Reached skill level 14 in Fighting
  6951 | D        | Reached skill level 19 in Dodging
  6951 | D        | Reached skill level 17 in Spellcasting
  6951 | D        | Reached skill level 18 in Conjurations
  6951 | D        | Reached skill level 21 in Hexes
  6961 | D        | Learned a level 8 spell: Lehudib's Crystal Spear
  7045 | D        | Got the Orb of Zot
  7088 | D        | Noticed a Hell Sentinel
  7089 | D        | Noticed a cacodemon
  7094 | D        | Gained mutation: You tend to lose your temper in combat. [a cacodemon]
  7096 | D        | Gained mutation: Scrolls take you a little longer to read. [a cacodemon]
  7112 | D        | Noticed an Orb Guardian
  7115 | D        | Escaped with the Orb!

Vault maps used:
D:        dungeon_sprint_1

Skill      XL: |  1  2  3  4  5  6  7  8  9 10 11 12 13 |
---------------+----------------------------------------+-----
Dodging        | 4 5 7 8 10 11 12 14 16 17 19 | 19.1
Stealth        | 4 6 7 9 |  9.0
Spellcasting   | 4 6 8 10 13 16 17 | 17.7
Conjurations   | 5 6 8 10 11 12 13 15 17 18 | 18.1
Fighting       | 2 4 6 7 8 10 11 13 14 | 14.0
Hexes          | 9 11 12 14 16 18 20 21 | 21.2

Action                   |  1- 3 |  4- 6 |  7- 9 | 10-12 | 13-15 || total
-------------------------+-------+-------+-------+-------+-------++-------
Melee: Unarmed           |     8 |       |       |       |       ||     8
       Blowgun           |       |       |       |     1 |       ||     1
       Headbutt          |       |       |       |       |     1 ||     1
 Fire: Blowgun           |       |       |     1 |       |       ||     1
 Cast: Magic Dart        |     2 |       |       |       |       ||     2
       Searing Ray       |     1 |       |       |       |       ||     1
       Fulminant Prism   |       |     9 |    28 |   140 |    47 ||   224
       Force Lance       |       |     2 |     2 |    17 |       ||    21
       Confuse           |       |       |       |     8 |     7 ||    15
Evoke: Wand              |       |       |     1 |     5 |     1 ||     7
  Use: Potion            |     1 |     1 |       |       |     2 ||     4
       Scroll            |       |       |       |     8 |       ||     8
  Eat: Ration            |       |       |     1 |     5 |     1 ||     7
Armor: Robe              |       |       |       |     5 |     1 ||     6
       Troll leather arm |       |       |       |     2 |       ||     2
Dodge: Dodged            |     2 |     4 |    11 |    84 |    23 ||   124
       Rpst.: Falchion   |       |       |       |       |     2 ||     2

Table legend:
 A = Spawn XP
 B = Non-spawn XP
 C = Spawn XP percentage of total XP
 D = Spawn monster count
 E = Non-spawn monster count
 F = Spawn count percentage of total count
 G = Total turns spent on level
                    A         B        C        D         E        F      G
               +---------+---------+-------+---------+---------+-------+---------
         Total |       0 |   53903 |   0.0 |       0 |      88 |   0.0 |  7115
               +---------+---------+-------+---------+---------+-------+---------
             D |       0 |   53903 |   0.0 |       0 |      88 |   0.0 |  7115
               +---------+---------+-------+---------+---------+-------+---------

Vault maps used:
D:        dungeon_sprint_1

Table legend:
 A = Turns spent in this place as a percentage of turns spent in the entire game.
 B = Non-inter-level travel turns spent in this place as a percentage of non-inter-level travel turns spent in the entire game.
 C = Inter-level travel turns spent in this place as a percentage of turns spent in this place.
 D = Turns resting spent in this place as a percentage of non-inter-level travel turns spent in this place.
 E = Turns spent auto-exploring this place as a percentage of non-inter-level travel turns spent in this place.
 F = Non-inter-level travel turns spent in this place divided by the number of levels of this place that you've seen.
                   A       B       C       D       E      F
               +-------+-------+-------+-------+-------+----------------------
         Total | 100.0 | 100.0 |   5.4 |  57.5 |   0.8 | 6734.0
       Dungeon | 100.0 | 100.0 |   5.4 |  57.5 |   0.8 | 6734.0
               +-------+-------+-------+-------+-------+----------------------

Table legend:
 A = Kills in this place as a percentage of kills in entire the game.
 B = Kills by you in this place as a percentage of kills by you in the entire game.
 C = Kills by friends in this place as a percentage of kills by friends in the entire game.
 D = Other kills in this place as a percentage of other kills in the entire game.
 E = Experience gained in this place as a percentage of experience gained in the entire game.
 F = Experience gained in this place divided by the number of levels of this place that you have seen.
                   A       B       C       D       E      F
               +-------+-------+-------+-------+-------+----------------------
         Total | 100.0 | 100.0 |   N/A |   N/A | 100.0 | 53903.0
       Dungeon | 100.0 | 100.0 |   N/A |   N/A | 100.0 | 53903.0
               +-------+-------+-------+-------+-------+----------------------
